 Dungeon Crawl Stone Soup version 0.28.0-43-g3370ac3207 (webtiles) character file.

Game seed: 6763710598024630684

1110 Cape the Magician (level 8, 0/41 HPs)
             Began as a Deep Elf Conjurer on Mar 19, 2022.
             Was an Initiate of Fedhas.
             Slain by a bullfrog (9 damage)
             ... on level 7 of the Dungeon.
             The game lasted 00:24:58 (7620 turns).

Cape the Magician (Deep Elf Conjurer)               Turns: 7620, Time: 00:24:59

Health: 0/41       AC:  0    Str:  4    XL:     8   Next: 11%
Magic:  21/21      EV: 14    Int: 26    God:    Fedhas [......]
Gold:   289        SH:  0    Dex: 13    Spells: 19/22 levels left

rFire   . . .      SeeInvis .   c - +2 dagger (speed)
rCold   . . .      Faith    .   o - orb {mayhem}
rNeg    . . .      Spirit   .   a - +0 robe
rPois   .          Reflect  .   (no helmet)
rElec   .          Harm     .   j - +1 cloak
rCorr   .          Rampage  .   (no gloves)
Will    .....                   (no boots)
Stlth   +++.......              (no amulet)
HPRegen 0.13/turn               (no ring)
MPRegen 0.17/turn               (no ring)

@: corroded
A: no striking features
a: Renounce Religion


You were on level 7 of the Dungeon.
You worshipped Fedhas.
Fedhas was noncommittal.
You visited 2 branches of the dungeon, and saw 8 of its levels.

You collected 289 gold pieces.

Inventory:

Hand Weapons
 c - a +2 dagger of speed (weapon)
Missiles
 e - a poisoned dart (quivered)
Armour
 a - a +0 robe (worn)
 j - a +1 cloak (worn)
 k - an orb of guile
 o - an orb of mayhem (worn)
Jewellery
 i - an amulet of the acrobat
 l - a ring of willpower
Scrolls
 b - 3 scrolls of identify
 g - a scroll of vulnerability
 m - a scroll of enchant armour
 n - a scroll of immolation {unknown}
Potions
 d - 3 potions of attraction
 f - a potion of mutation
 h - a potion of curing


   Skills:
 + Level 5.2 Dodging
 + Level 5.5 Stealth
 * Level 7.8 Spellcasting
 * Level 7.5 Conjurations


You had 19 spell levels left.
You knew the following spells:

 Your Spells              Type           Power      Damage    Failure   Level
a - Magic Dart            Conj           100%       1d8       1%          1
b - Searing Ray           Conj           98%        2d8       1%          2

Your spell library contained the following spells:

 Spells                   Type           Power      Damage    Failure   Level
 Dazzling Flash           Conj/Hex       58%        N/A       3%          3
 Stone Arrow              Conj/Erth      58%        3d10      3%          3
 Sandblast                Erth           20%        2d7       6%          1
 Corpse Rot               Necr/Air       20%        N/A       9%          2
 Passwall                 Tmut/Erth      8%         N/A       9%          2
 Poisonous Vapours        Pois/Air       20%        N/A       9%          2
 Fulminant Prism          Conj/Hex       14%        3d9       12%         4
 Iskenderun's Mystic Bla  Conj/Tloc      29%        2d7       12%         4
 Ozocubu's Armour         Ice            10%        N/A       17%         3
 Tukima's Dance           Hex            10%        N/A       17%         3
 Animate Armour           Summ/Erth      20%        N/A       50%         4
 Passage of Golubria      Tloc           10%        N/A       50%         4
 Yara's Violent Unravell  Hex/Tmut       5%         3d4       85%         5
 Ozocubu's Refrigeration  Ice            5%         4d6       100%        7
 Lehudib's Crystal Spear  Conj/Erth      14%        10d5      100%        8


Dungeon Overview and Level Annotations

Branches:
Dungeon (7/15)             Temple (1/1) D:6

Altars:
Ashenzari
Dithmenos
Elyvilon
Fedhas
Gozag
Hepliaklqana
Kikubaaqudgha
Makhleb
Nemelex Xobeh
Okawaru
Qazlal
Sif Muna
Trog
Uskayaw
Vehumet
Wu Jian
Xom
Yredelemnul
The Shining One

Shops:
D:6 (


Message History

You hit the centaur skeleton.
The centaur skeleton is severely damaged.
The centaur skeleton barely misses you.
The centaur skeleton kicks you but does no damage.
You hit the centaur skeleton.
The centaur skeleton is almost destroyed.
The centaur skeleton hits you.
The centaur skeleton kicks you but does no damage.
You hit the centaur skeleton.
The centaur skeleton is almost destroyed.
The centaur skeleton misses you. x2
You hit the centaur skeleton.
You destroy the centaur skeleton!
Fedhas accepts your kill.
Okay, then.
Done exploring.
Done exploring.
Search for what [Enter for "."]? .
There is a stone staircase leading down here.
You climb downwards.
Found a chain mail and a viscous amethyst potion.
Found an escape hatch in the ceiling.
Found a stone staircase leading up.
There is a stone staircase leading up here.
The jelly quivers.
The centaur shouts!
The jelly barely misses you.
You climb upwards.
There is a stone staircase leading down here.
You climb downwards.
The centaur wields a +0 shortbow.
The centaur shoots an arrow.
The arrow misses you. The bullfrog barely misses you. The bullfrog misses you.
The centaur shoots an arrow.
The arrow hits you! The jelly hits you but does no damage.
There is a stone staircase leading up here.
The bullfrog hits you.
The centaur shoots an arrow.
The arrow hits you! The jelly hits you. The acid corrodes you!
You are splashed with acid!
* * * LOW HITPOINT WARNING * * *
The bullfrog hits you!
You die...
Fedhas appreciates your contribution to the ecosystem.

.< .##..9.....
##.# ......Z...
....<.........
#..#.........
#...........
..###..........
#......F.......
.......@.......
##....J........
#........#.###
#........[...#
#........c#..
#.........##...
#......!... #..
..######.... .#


You could see a gargoyle (dormant), a bullfrog, a centaur, a jelly and a centaur
skeleton (dormant).

Vanquished Creatures
  Sigmund (D:3)
  An ice beast (D:6)
  A sky beast (D:6)
  An ogre (D:4)
  A necrophage (D:5)
  A howler monkey (D:6)
  A bullfrog zombie (D:6)
  4 hounds
  A gnoll shaman (D:5)
  Crazy Yiuf (D:3)
  2 orc priests
  A centaur skeleton (D:6)
  An iguana (D:5)
  A killer bee zombie (D:6)
  A hound skeleton (D:4)
  8 gnolls
  7 adders
  A white imp (D:6)
  An adder skeleton (D:4)
  3 worms
  2 dart slugs
  6 orcs
  2 endoplasms
  2 giant cockroaches
  4 goblins
  9 hobgoblins
  3 jackals (D:1)
  2 quokkas
  5 ball pythons
  5 bats
  A frilled lizard (D:1)
  A kobold (D:4)
  8 rats
89 creatures vanquished.

Vanquished Creatures (others)
  3 fungi (D:3)
3 creatures vanquished.

Grand Total: 92 creatures vanquished

Notes
Turn   | Place    | Note
-------+----------+-------------------------------------------
     0 | D:1      | Cape the Deep Elf Conjurer began the quest for the Orb.
     0 | D:1      | Reached XP level 1. HP: 10/10 MP: 6/6
   201 | D:1      | Reached XP level 2. HP: 4/15 MP: 2/8
   558 | D:1      | Found a faded altar of an unknown god.
  1108 | D:2      | Reached XP level 3. HP: 19/19 MP: 6/10
  1604 | D:3      | Noticed Sigmund
  1621 | D:3      | Reached skill level 5 in Conjurations
  1627 | D:2      | Reached XP level 4. HP: 18/24 MP: 1/12
  1826 | D:3      | HP: 1/24 [Sigmund/+0 scythe (14)]
  2471 | D:3      | Reached XP level 5. HP: 28/28 MP: 8/13
  2625 | D:3      | Killed Sigmund
  2626 | D:3      | Reached skill level 5 in Spellcasting
  2626 | D:3      | Reached XP level 6. HP: 32/32 MP: 8/16
  2844 | D:3      | Found a runed translucent door.
  2845 | D:3      | Noticed Crazy Yiuf
  3130 | D:3      | Killed Crazy Yiuf
  4356 | D:4      | Reached XP level 7. HP: 26/36 MP: 7/18
  4970 | D:5      | Entered Level 5 of the Dungeon
  5686 | D:6      | Reached skill level 5 in Stealth
  6447 | D:6      | Reached skill level 5 in Dodging
  6567 | D:6      | Reached XP level 8. HP: 37/41 MP: 15/21
  6570 | D:6      | Learned a level 2 spell: Searing Ray
  6606 | D:6      | Found Peamuzor's Weapon Shoppe.
  6960 | D:6      | Found a staircase to the Ecumenical Temple.
  6981 | Temple   | Entered the Ecumenical Temple
  7255 | Temple   | Became a worshipper of Fedhas Madash
  7615 | D:7      | Noticed a gargoyle
  7620 | D:7      | Slain by a bullfrog

Illustrated notes

Levels and vault maps discovered:
D:1:      nzn_arrival_depleted_hourglass, layout_rooms,
          ebering_ecumenical_altar_mist
D:2:      layout_rooms
D:3:      layout_basic, portal_sewer_entry_a, uniq_crazy_yiuf_cottage,
          uniq_sigmund
D:4:      layout_layer_cave
D:5:      layout_cave_pools
D:6:      layout_loops_ring, minmay_temple_entry_butterflies, serial_shops,
          nicolae_lakefront_shop
D:7:      layout_rooms
Temple:   mainiacjoe_temple_bowtie_tessellation

Skill      XL: |  1  2  3  4  5  6  7 |
---------------+----------------------+-----
Stealth        | 3 4 5 |  5.5
Dodging        | 3 4 5 |  5.2
Spellcasting   | 4 5 6 7 |  7.8
Conjurations   | 5 6 7 |  7.5

Action                   |  1- 3 |  4- 6 |  7- 9 || total
-------------------------+-------+-------+-------++-------
Melee: Unarmed           |     4 |     6 |       ||    10
       Dagger            |       |       |     8 ||     8
       Punch             |       |       |     1 ||     1
Throw: Dart              |       |       |     2 ||     2
 Cast: Magic Dart        |    73 |   124 |   111 ||   308
       Searing Ray       |       |       |     2 ||     2
  Use: Scroll            |     1 |     8 |     2 ||    11
Armor: Robe              |     9 |     4 |    16 ||    29
Dodge: Dodged            |    27 |    16 |    48 ||    91
